AoeStats
← Malik Bhai

Arabian Desert

510122238Analyzed
1v1 RM · 2d ago on Sep 29, 2026· 41m 50s· 2 players
Game mode
Random Map
Map size
Tiny (2 player)
Population
200
Speed
Normal
Resources
Standard
Victory
Conquest
Starting age
Dark Age
Ending age
Imperial Age
RankedLock teamsTeams togetherTeam positionsShared explorationLock speedFull tech treeHidden civsTurbo modeCheats
Victory
Defeat
🇪🇸 Vikings · Spain
1723
+12
🇵🇰 Celts · Pakistan
1637
-12
jaumecr25
5:41 Loom
8:50 Feudal Age
9:01 Man-at-Arms
14:06 Fletching
15:27 Double-Bit Axe
21:38 Castle Age
21:39 Crossbowman
22:15 Bodkin Arrow
23:51 Ballistics
28:32 Horse Collar
38:28 Imperial Age
36:19 Arson
36:35 Squires
36:37 Scale Mail Armor
36:47 Forging
37:48 Chain Mail Armor
38:15 Heavy Plow
38:33 Bow Saw
39:11 Forging
38:54 Gold Mining
38:55 Stone Mining
39:52 Plate Mail Armor
39:41 Elite Berserk
41:07 Conscription
41:57 Iron Casting
Malik Bhai
6:57 Loom
9:19 Feudal Age
9:35 Man-at-Arms
12:42 Horse Collar
12:48 Double-Bit Axe
15:19 Fletching
21:34 Castle Age
20:09 Padded Archer Armor
35:42 Bow Saw
35:33 Heavy Plow
41:07 Wheelbarrow
40:18 Town Watch
44:17 Imperial Age
Connection lost

Rejoining the realm…

Still unreachable

The connection could not be restored.

Session expired

The server has moved on; the page needs a fresh start.